 Dungeon Crawl Stone Soup version 0.31.0-32-g396128a36d (webtiles) character file.

Game seed: 10032118525618727660

155 wolfgang the Chopper (level 5, -7/46 HPs)
             Began as a Hill Orc Fighter on Mar 25, 2024.
             Succumbed to an orc wizard's poison
             ... on level 3 of the Dungeon.
             The game lasted 00:13:37 (3164 turns).

wolfgang the Chopper (Hill Orc Fighter)             Turns: 3164, Time: 00:13:38

Health: -7/46      AC:  9    Str: 21    XL:     5   Next: 37%
Magic:  5/5        EV:  8    Int:  8    God:
Gold:   90         SH:  4    Dex: 10    Spells: 4/4 levels left

rFire   . . .        a - +0 war axe
rCold   . . .        c - +0 buckler
rNeg    . . .        l - +0 chain mail
rPois   .            (no helmet)
rElec   .            (no cloak)
rCorr   .            (no gloves)
SInv    .            (no boots)
Will    .....        (no amulet) Stlth
                     (no ring)
HPRegen 0.27/turn    (no ring)
MPRegen 0.09/turn

%: no passive effects
@: lethally poisoned (-7 -> -40)
A: no striking features
a: no special abilities


You were on level 3 of the Dungeon.
You visited 1 branch of the dungeon, and saw 3 of its levels.

You collected 90 gold pieces.

Inventory:

Hand Weapons
 a - a +0 war axe (weapon)
Armour
 b - a +0 scale mail
 c - a +0 buckler (worn)
 l - a +0 chain mail (worn)
Scrolls
 f - 4 scrolls of teleportation {unknown}
 g - a scroll of poison {unknown}
 h - a scroll of fear {unknown}
 i - 2 scrolls of identify {unknown}
Potions
 d - 2 potions of might
 e - a potion of degeneration {unknown}
 j - a potion of curing {unknown}
 k - a potion of brilliance {unknown}


   Skills:
 + Level 4.2 Fighting
 + Level 4.3 Axes
 + Level 4.2 Armour
 + Level 1.4 Dodging
 + Level 0.1 Stealth
 + Level 4.0 Shields


You had 4 spell levels left.
You didn't know any spells.
Your spell library contained the following spells:

 Spells                   Type           Power      Damage    Failure   Level
 Magic Dart               Conj           0%         1d3       98%         1
 Blink                    Tloc           0%         N/A       99%         2
 Call Imp                 Summ           0%         N/A       99%         2


Dungeon Overview and Level Annotations

Branches:
Dungeon (3/15)

Altars:
Vehumet
Yredelemnul

Shops:
D:1 [?(!=


Message History

You are frozen.
The orc wizard closely misses you.
The endoplasm hits you but does no damage.
You slash the orc wizard!
The orc wizard is almost dead.
You hit the endoplasm.
You kill the endoplasm!
You feel very sick.
The orc wizard hits you but does no damage.
You barely miss the orc wizard.
The orc wizard is almost dead.
You feel sick.
The orc wizard hits you but does no damage.
You are more poisoned.
An orc comes into view. It is wielding a +0 club.
You closely miss the orc wizard.
The orc wizard is almost dead.
You feel very sick.
The orc wizard gestures wildly while chanting.
The orc wizard flickers and vanishes!
Deactivating autopickup; reactivate with Ctrl-A.
Something hits you but does no damage.
You are more poisoned.
You closely miss something.
You feel very sick. Something hits you!
You are lethally poisoned!
You barely miss something.
* * * LOW HITPOINT WARNING * * *
You feel extremely sick. Something hits you but does no damage.
You completely miss something. You barely miss the orc.
* * * LOW HITPOINT WARNING * * *
You feel very sick. Something hits you but does no damage.
You are more poisoned.
The orc hits you but does no damage. Something hits you but does no damage.
You are more poisoned.
The orc completely misses you.
You barely miss something. You hit the orc.
You die...

### #####
#..##########
##..........#
####..≈≈≈..#
#.≈≈≈≈≈.#
##.≈≈_≈≈.#
#..≈≈.≈≈.#
#..≈≈.≈≈..
###).≈≈.≈≈..
#.{@.≈...≈..
......##o≈.8.≈..
####.# #........
... .........
### ####.###. .#
.#


You could see an orc.

Vanquished Creatures
  A hound (D:3)
  5 adders
  2 dart slugs (D:1)
  A ribbon worm (D:2)
  5 orcs (D:3)
  5 endoplasms
  2 giant cockroaches
  10 goblins
  3 hobgoblins (D:1)
  8 jackals
  3 quokkas
  4 ball pythons
  3 bats
  7 frilled lizards
  4 kobolds
  5 rats
68 creatures vanquished.

Notes
Turn   | Place    | Note
-------+----------+-------------------------------------------
     0 | D:1      | wolfgang the Hill Orc Fighter began the quest for the Orb.
     0 | D:1      | Reached XP level 1. HP: 19/19 MP: 1/1
   103 | D:1      | Found Biydwu's Jewellery Shop.
   109 | D:1      | Reached XP level 2. HP: 19/27 MP: 2/2
   216 | D:1      | Found a faded altar of an unknown god.
   399 | D:1      | Reached XP level 3. HP: 33/33 MP: 3/3
   505 | D:1      | Found Wuthrion's Antique Armour Shoppe.
   544 | D:1      | Found Icuytapn's Weapon Shoppe.
   694 | D:1      | Found Jaoppit's Magic Scroll Boutique.
   993 | D:1      | Found Kimack's Distillery.
  2050 | D:2      | Found a basalt altar of Yredelemnul.
  2076 | D:2      | Reached XP level 4. HP: 40/40 MP: 4/4
  2107 | D:2      | Reached skill level 1 in Dodging
  2257 | D:2      | Identified the +6 chain mail "Largh" {rC+}
  3071 | D:3      | Reached XP level 5. HP: 44/46 MP: 5/5
  3134 | D:3      | Found a radiant altar of Vehumet.
  3163 | D:3      | HP: 2/46 [poisoned by an orc wizard]
  3164 | D:3      | Succumbed to an orc wizard's poison

Illustrated notes

Levels and vault maps discovered:
D:1:      dpeg_arrival_morbid_curiosity, layout_basic, serial_shops,
          nicolae_shop_hallway_plus, nicolae_lakefront_shop,
          nicolae_shop_hallway_plus, shop, shop,
          shapermc_ecumenical_altar_mp_ritualfount
D:2:      layout_basic, basic_altar, minmay_split_cup_small
D:3:      kennysheep_six_static_rooms, layout_rooms,
          mainiacjoe_overflow_surrounded_room, mainiacjoe_overflow_catwalk,
          hellmonk_okawaru_the_only_friend_you_need, serial_shops,
          nicolae_shop_peninsula, serial_corexii_hall,
          corexii_hall_statues_deadend, corexii_hall_statues_s,
          corexii_hall_statues_x, corexii_hall_statues_s,
          minmay_fractal_squares_diagonal_5

Skill      XL: |  1  2  3  4  5 |
---------------+----------------+-----
Axes           | 3 4 |  4.3
Fighting       | 4 |  4.2
Dodging        | 1 |  1.4
Armour         | 4 |  4.2
Shields        | 4 |  4.0
Stealth        | |  0.1

Action                     |  1- 3 |  4- 6 || total
---------------------------+-------+-------++-------
  Melee: War axe           |   116 |   100 ||   216
 Armour: Scale mail        |   395 |    71 ||   466
         Chain mail        |       |    21 ||    21
  Dodge: Dodged            |   286 |    46 ||   332
  Block: Buckler           |   130 |    30 ||   160
